 Dungeon Crawl Stone Soup version 0.17-a0-2058-g8b0eb12 (webtiles) character file.

23 Ordine the Skirmisher (level 3, -6/27 HPs)
             Began as an Octopode Fighter on Oct 12, 2015.
             Killed from afar by a white imp (14 damage)
             ... with a puff of frost
             ... summoned by Natasha
             ... on level 2 of the Dungeon.
             The game lasted 00:03:17 (1146 turns).

Ordine the Skirmisher (Octopode Fighter)            Turns: 1146, Time: 00:03:17

Health: -6/27      AC:  1    Str: 15    XL:     3   Next: 0%
Magic:  3/3        EV: 10    Int: 10    God:
Gold:   65         SH:  9    Dex: 10    Spells: 0 memorised, 2 levels left

rFire  . . .     SeeInvis .     a - +0 long sword
rCold  . . .     Clarity  .     b - +1 shield
rNeg   . . .     SustAt   .     (helmet restricted)
rPois  .         Gourm    .     h - amulet of stasis
rElec  .         Spirit   .     f - -2 ring of dexterity (curse)
rCorr  .         Warding  .     (no ring)
rMut   .         Stasis   +     (no ring)
MR     .....                    (no ring)
Stlth  ++........               (no ring)
                                (no ring)
                                (no ring)
                                (no ring)

@: not resistant to hostile enchantments, unstealthy
A: almost no armour, amphibious, 8 rings, constrict 8, camouflage 1, gelatinous
body 1
a: no special abilities


You were on level 2 of the Dungeon.
You were not hungry.

You visited 1 branch of the dungeon, and saw 2 of its levels.

You collected 65 gold pieces.

Inventory:

Hand Weapons
 a - a +0 long sword (weapon)
 l - a +0 dagger
Missiles
 e - 80 stones (quivered)
Armour
 b - a +1 shield (worn)
Jewellery
 f - a cursed -2 ring of dexterity (left tentacle)
 h - an amulet of stasis (around mantle)
Potions
 c - a potion of might
Comestibles
 d - a bread ration
 g - a beef jerky
 i - 3 fruits
 j - a meat ration
 k - 2 chunks of flesh


   Skills:
 + Level 3.7 Fighting
 + Level 2.4 Long Blades
 - Level 3.0 Dodging
 - Level 3.0 Shields


You had 2 spell levels left.
You didn't know any spells.

Dungeon Overview and Level Annotations

Branches:
Dungeon (2/15)

Altars:
Ashenzari

Annotations:
D:2 Natasha, Terence


Innate Abilities, Weirdness & Mutations

You cannot wear most types of armour.
You are amphibious.
You can wear up to eight rings at the same time.
You can use your tentacles to constrict eight enemies at once.
Your skin changes colour to match your surroundings (Stealth).
Your rubbery body absorbs attacks (AC +1).


Message History

The white imp gestures at you. You block the puff of frost.
The white imp gestures at you. You block the puff of frost.
You slash Natasha! Your grab misses Natasha.
Natasha is heavily wounded.
The white imp hits you. The white imp freezes you.
Natasha drinks a potion.
Natasha is healed!
You block the white imp's attack.
You closely miss Natasha. You grab Natasha. You constrict Natasha.
Natasha claws you. The white imp gestures at you. The puff of frost hits you!
* * * LOW HITPOINT WARNING * * *
Natasha casts a spell.
You release your grip on Natasha.
The crimson imp blinks!
The white imp gestures at you. The puff of frost hits you!
Ouch! That really hurt!
You die...

h.....>)...# #.#
...........# #.#
#...# #.# #...# #.#
#...# #.#
#####...#### #.#
#..........# #.#
###........######.##
##.......5.h5.@..#
#......)#########
#########


You could see Natasha, a white imp and a shadow imp.

Vanquished Creatures
  An ooze (D:1)
  3 ball pythons (D:1)
  A bat (D:1)
  2 giant cockroaches (D:1)
  3 goblins (D:1)
  3 hobgoblins (D:1)
  2 giant newts (D:1)
  2 kobolds (D:1)
  2 rats (D:1)
19 creatures vanquished.

Notes
Turn   | Place    | Note
--------------------------------------------------------------
     0 | D:1      | Ordine the Octopode Fighter began the quest for the Orb.
     0 | D:1      | Reached XP level 1. HP: 16/16 MP: 1/1
   103 | D:1      | Found a shattered altar of Ashenzari.
   254 | D:1      | Reached XP level 2. HP: 7/21 MP: 2/2
  1019 | D:1      | Reached XP level 3. HP: 27/27 MP: 3/3
  1120 | D:2      | Noticed Natasha
  1120 | D:2      | Noticed Terence
  1146 | D:2      | Killed from afar by a white imp

Vault maps used:
D:1:      mainiacjoe_arrival_reflecting_pool, nicolae_ashenzari_panopticon
D:2:      cheibriados_altar_1, grunt_qazlal_clouds,
          gammafunk_temple_overflow_wave, first_bread, uniq_natasha,
          uniq_sigmund, uniq_terence

Action                   || total
-------------------------++-------
Melee: Long sword        ||    36
Throw: Stone             ||     1
  Use: Scroll            ||     4
 Stab: Sleeping          ||     3
  Eat: Chunk             ||     1
